 Dungeon Crawl Stone Soup version 0.16.0-18-g484a79e (webtiles) character file.

264 JustSomeDude the Skirmisher (level 5, -1/42 HPs)
             Began as a Demonspawn Abyssal Knight on Mar 22, 2015.
             Was a Priest of Lugonu.
             Slain by an ogre
             ... wielding a +0 giant club
              (14 damage)
             ... on level 4 of the Dungeon.
             The game lasted 00:20:36 (3225 turns).

JustSomeDude the Skirmisher (DsAK)                  Turns: 3225, Time: 00:20:36

Health: -1/42      AC: 12    Str: 13    XL:     5   Next: 98%
Magic:  8/8        EV:  6    Int: 13    God:    Lugonu [***...]
Gold:   183        SH:  0    Dex: 13    Spells: 0 memorised, 4 levels left

rFire  . . .     SeeInvis .     a - +2 short sword
rCold  . . .     Clarity  .     h - +3 chain mail
rNeg   . . .     SustAb   .     (no shield)
rPois  .         Gourm    .     (helmet restricted)
rElec  .         Spirit   .     (no cloak)
rCorr  .         Warding  .     (no gloves)
rMut   .         Stasis   .     (no boots)
MR     .....                    (no amulet)
Stlth  ++........               (no ring)
                                m - ring of stealth

@: drained, not resistant to hostile enchantments, unstealthy
A: horns 2, nightstalker 2
a: Depart the Abyss, Bend Space, Banish, Renounce Religion


You were on level 4 of the Dungeon.
You worshipped Lugonu.
Lugonu was most pleased with you.
You were not hungry.

You visited 1 branch of the dungeon, and saw 4 of its levels.
You visited the Abyss 1 time.

You collected 183 gold pieces.

Inventory:

Hand weapons
 a - a +2 short sword (weapon)
 e - a +0 hand crossbow
 g - a +0 dagger
 r - a +1 dagger of venom
Missiles
 k - 8 curare-tipped needles (quivered)
 l - 19 arrows of dispersal
Armour
 b - a +0 leather armour
 d - a +0 cloak
 h - a +3 chain mail (worn)
Jewellery
 m - a ring of stealth (left hand)
Magical devices
 n - a wand of random effects (30)
 p - a wand of slowing (19)
Scrolls
 f - 3 scrolls of identify
 j - 2 scrolls of noise {unknown}
 o - a scroll of immolation
Potions
 i - a potion of cure mutation {unknown}
Comestibles
 c - 3 bread rations
 q - a meat ration


   Skills:
 + Level 4.2(4.1) Fighting
 + Level 2.8(2.7) Short Blades
 + Level 2.9 Armour
 + Level 2.0(1.9) Dodging
 + Level 1.9(1.8) Stealth
 * Level 3.4 Invocations


You had 4 spell levels left.
You didn't know any spells.

Dungeon Overview and Level Annotations

Branches:
Dungeon (4/15)
 Temple: D:4-7

Altars:
Elyvilon

Annotations:
D:4 corrupted


Innate Abilities, Weirdness & Mutations

You have a pair of horns on your head.
You are significantly more attuned to the shadows.


Message History

The ogre shouts!
The worker ant barely misses you.
You hit the worker ant. Your headbutt misses the worker ant.
The worker ant is moderately wounded.
The worker ant barely misses you.
You closely miss the worker ant. You headbutt the worker ant.
The worker ant is heavily wounded.
The ogre hits you with a giant club.
The worker ant bites you but does no damage.
You hit the worker ant.
The worker ant is heavily wounded.
The worker ant bites you but does no damage.
The ogre hits you with a giant club!
You barely miss the worker ant. You headbutt the worker ant.
The worker ant is severely wounded.
The worker ant bites you but does no damage.
You barely miss the worker ant.
The worker ant is severely wounded.
The ogre hits you with a giant club!
You die...

#######
##...!.#
......a.##
#O@..##
##....###
#........
##........
##.[.......
###...####...
##...### .
##.#.##
#..###


You could see an ogre and a worker ant.

Vanquished Creatures
  The ghost of Anothat the Sneak, a weakling VSAs of Okawaru (D:3)
  Ijyb (D:1)
  Jessica (D:2)
  2 river rats (D:3)
  A shadow imp (D:3)
  6 adders
  A worm (D:3)
  2 oozes (D:1)
  6 orcs (D:3)
  2 bat skeletons (D:4)
  9 giant cockroaches
  14 goblins
  6 hobgoblins
  9 jackals
  2 quokkas (D:2)
  A ball python (D:3)
  5 bats
  2 giant geckos (D:1)
  6 giant newts
  A jackal skeleton (D:4)
  4 kobolds
  9 rats
91 creatures vanquished.

Vanquished Creatures (others)
  A spatial maelstrom (D:4)
  A worker ant (D:4)
2 creatures vanquished.

Grand Total: 93 creatures vanquished

Notes
Turn   | Place    | Note
--------------------------------------------------------------
     0 | Abyss:1  | JustSomeDude, the Demonspawn Abyssal Knight, began the quest for the Orb.
     0 | Abyss:1  | Reached XP level 1. HP: 18/18 MP: 1/1
     7 | D:1      | Escaped the Abyss
    12 | D:1      | Found a white marble altar of Elyvilon.
    54 | D:1      | Reached skill level 1 in Dodging
    59 | D:1      | Gained mutation: You are slightly more attuned to the shadows. [demonic ancestry]
    59 | D:1      | Reached XP level 2. HP: 6/24 MP: 2/2
   441 | D:1      | Acquired Lugonu's second power
   621 | D:1      | Gained mutation: You have a pair of small horns on your head. [demonic ancestry]
   621 | D:1      | Reached XP level 3. HP: 27/29 MP: 4/4
   982 | D:2      | Acquired Lugonu's third power
   992 | D:2      | Noticed Ijyb
  1009 | D:1      | Reached skill level 1 in Stealth
  1028 | D:1      | Killed Ijyb
  1141 | D:2      | Noticed Jessica
  1151 | D:2      | Killed Jessica
  1151 | D:2      | Gained mutation: You are significantly more attuned to the shadows. [demonic ancestry]
  1151 | D:2      | Reached XP level 4. HP: 18/37 MP: 5/5
  1723 | D:2      | Reached skill level 4 in Fighting
  1870 | D:2      | Acquired Lugonu's fourth power
  2140 | D:3      | Noticed Anothat's ghost (weakling VSAs)
  2153 | D:3      | Killed Anothat's ghost
  2153 | D:3      | Gained mutation: You have a pair of horns on your head. [demonic ancestry]
  2153 | D:3      | Reached XP level 5. HP: 36/42 MP: 7/7
  2909 | D:4      | Corrupted D:4
  2909 | D:4      | Noticed a small abomination
  2909 | D:4      | Noticed a smoke demon
  2909 | D:4      | Noticed a rakshasa
  2911 | D:4      | Noticed a smoke demon
  2912 | D:4      | Noticed a worldbinder
  2925 | D:4      | Noticed a profane servitor
  2929 | D:4      | Noticed a spatial maelstrom
  2941 | D:4      | Banished a spatial maelstrom
  3217 | D:4      | Noticed an ogre
  3225 | D:4      | Slain by an ogre

Action                   |  1- 3 |  4- 6 || total
-------------------------+-------+-------++-------
Melee: Short sword       |   155 |   154 ||   309
       Dagger            |       |     7 ||     7
Throw: Throwing net      |       |     1 ||     1
Invok: Banish            |       |     3 ||     3
       Corrupt           |       |     1 ||     1
  Use: Scroll            |     4 |     3 ||     7
       Potion            |       |     4 ||     4
 Stab: Sleeping          |       |     5 ||     5
  Eat: Chunk             |     1 |       ||     1
       Royal jelly       |       |     1 ||     1
       Meat ration       |       |     1 ||     1
       Bread ration      |       |     1 ||     1
